 Dungeon Crawl Stone Soup version 0.19.5 (console) character file.

32 Grinner the Ducker (level 3, 0/28 HPs)
             Began as a Minotaur Transmuter on Mar 13, 2017.
             Slain by Natasha (6 damage)
             ... on level 2 of the Dungeon.
             The game lasted 00:01:53 (1056 turns).

Grinner the Ducker (Minotaur Transmuter)            Turns: 1056, Time: 00:01:54

Health: 0/28       AC:  3    Str: 14    XL:     3   Next: 10%
Magic:  4/4        EV: 13    Int: 10    God:
Gold:   81         SH:  0    Dex: 11    Spells: 1 memorised, 3 levels left

rFire  . . .     SeeInvis .       - Unarmed
rCold  . . .     Gourm    .     b - +0 robe
rNeg   . . .     Faith    .     (no shield)
rPois  .         Spirit   .     (helmet restricted)
rElec  .         Reflect  .     (no cloak)
rCorr  .         Harm     .     (no gloves)
MR     .....                    j - +0 pair of boots
Stlth  +.........               (no amulet)
                                (no ring)
                                (no ring)

@: flying, slowed, very slow
A: retaliatory headbutt, horns 2
a: no special abilities


You were on level 2 of the Dungeon.
You were hungry.

You visited 1 branch of the dungeon, and saw 2 of its levels.

You collected 81 gold pieces.

Inventory:

Hand Weapons
 e - a +0 dagger
Missiles
 a - 12 arrows
Armour
 b - a +0 robe (worn)
 j - a +0 pair of boots (worn)
Scrolls
 i - a scroll of identify {unknown}
 n - a scroll of recharging {unknown}
 p - a scroll of teleportation {unknown}
 q - a scroll of fog {unknown}
Potions
 g - 2 potions of magic {unknown}
 h - a potion of might {unknown}
 m - a potion of curing {unknown}
 o - a potion of berserk rage {unknown}
Books
 c - a book of Changes

   Spells                             Type                      Level
   a - Beastly Appendage              Transmutation                1
   b - Sticks to Snakes               Transmutation                2
   c - Spider Form                    Transmutation/Poison         3
   d - Ice Form                       Ice/Transmutation            4
   e - Blade Hands                    Transmutation                5
Comestibles
 d - 2 bread rations
 k - a beef jerky
 l - a meat ration


   Skills:
 - Level 1.2 Fighting
 + Level 3.3 Dodging
 - Level 3.2 Unarmed Combat
 - Level 1.3 Spellcasting
 + Level 2.2 Transmutations


You had 3 spell levels left.
You knew the following spells:

 Your Spells              Type           Power        Failure   Level  Hunger
z - Beastly Appendage     Tmut           #.....       14%         1    ##.....


Dungeon Overview and Level Annotations

Branches:
Dungeon (2/15)

Altars:

Annotations:
D:2 Natasha


Innate Abilities, Weirdness & Mutations

You reflexively headbutt those who attack you in melee.
You have a pair of horns on your head.


Message History

You have no appropriate body parts free.
You barely miss the leopard gecko. The leopard gecko bites you.
You barely miss the leopard gecko. The leopard gecko misses you.
You furiously retaliate!
You headbutt the leopard gecko.
You kill the leopard gecko!
Natasha stares at you and mumbles some strange words.
You feel yourself slow down.
You are feeling hungry.
Natasha claws you.
It was a potion of flight.
You feel very buoyant.
You fly up into the air.
Natasha stares at you and mumbles some strange words.
The magic dart hits you!
You hit Natasha.
Natasha is lightly wounded.
Natasha claws you!
* * * LOW HITPOINT WARNING * * *
Natasha claws you.
You die...

## $#.........#.#.#####
........##....#.#.# #
#.#..#..###....#.#.# #
.#.#..#.........>.#.#####
.........###.............
......#..###....###.#####
.....................
......$........###.###
.#.#.#.#@####........
........h.# ##..###.#
.#.#......?.........#
.....#.#..####....###
.... #.#..# ....# ...
#.#..# ...# .. #..... .
#.#..## #. ...


You could see Natasha.

Vanquished Creatures
  A dart slug (D:1)
  A leopard gecko (D:2)
  4 bats
  2 giant cockroaches (D:1)
  6 goblins (D:1)
  5 hobgoblins (D:1)
  A ball python (D:1)
  2 frilled lizards (D:1)
  3 kobolds (D:1)
  4 rats
29 creatures vanquished.

Notes
Turn   | Place    | Note
-------+----------+-------------------------------------------
     0 | D:1      | Grinner the Minotaur Transmuter began the quest for the Orb.
     0 | D:1      | Reached XP level 1. HP: 16/16 MP: 1/1
   104 | D:1      | Reached XP level 2. HP: 17/23 MP: 3/3
   832 | D:1      | Reached XP level 3. HP: 28/28 MP: 4/4
  1047 | D:2      | Noticed Natasha
  1056 | D:2      | Slain by Natasha

Skill      XL: |  1  2 |
---------------+-------+-----
Transmutations | 2 |  2.2
Dodging        | 3 |  3.3
Fighting       | |  1.2
Unarmed Combat | |  3.2
Spellcasting   | |  1.3

Action                   || total
-------------------------++-------
Melee: Dagger            ||    46
       Unarmed           ||    24
       Headbutt          ||     7
       Kick              ||     1
       Punch             ||     1
 Cast: Beastly Appendage ||     1
  Use: Potion            ||     1
 Stab: Sleeping          ||     1
Armor: Robe              ||    13
Dodge: Dodged            ||    47
